 Dungeon Crawl Stone Soup version 0.31-a0-889-g1a8549509d (webtiles) character file.

Game seed: 1726628898547553857

82 Kuronicle the Ruffian (level 4, -8/35 HPs)
             Began as a Demigod Shapeshifter on Oct 16, 2023.
             Engulfed by a cloud of flame (15 damage)
             ... on level 3 of the Dungeon.
             The game lasted 00:04:41 (2157 turns).

Kuronicle the Ruffian (Demigod Shapeshifter)        Turns: 2157, Time: 00:04:47

Health: -8/35      AC:  6    Str: 19    XL:     4   Next: 1%
Magic:  6/6        EV: 10    Int: 12    God:
Gold:   86         SH:  0    Dex: 13    Spells: 3/3 levels left

rFire   . .          .
                       - Unarmed
rCold   . . .        (no shield)
rNeg    . . .        l - +0 scale mail
rPois   .            (helmet currently unavailable)
rElec   .            (cloak currently unavailable)
rCorr   .            (gloves currently unavailable)
SInv    .            (boots currently unavailable)
Will    +....        (no amulet) Stlth
                     q - ring of willpower
HPRegen 0.25/turn    (no ring)
MPRegen 0.10/turn

%: no passive effects
@: about to teleport, beast-form
A: beast (slay +1), high MP 1, forlorn, divine attributes
a: Begin Untransformation


You were on level 3 of the Dungeon.
You were a hulking beast.
You visited 1 branch of the dungeon, and saw 3 of its levels.

You collected 86 gold pieces.

Inventory:

Hand Weapons
 g - a +3 dagger of distortion
Armour
 f - a +0 leather armour
 l - a +0 scale mail (worn)
Jewellery
 q - a ring of willpower (left hand)
Talismans
 c - a beast talisman (active)
 d - a flux talisman
 o - a beast talisman (active)
Wands
 s - a wand of polymorph (12)
Scrolls
 e - a scroll of torment {unknown}
 h - a scroll of summoning {unknown}
 i - a scroll of revelation {unknown}
 k - 3 scrolls of teleportation
 p - a scroll of identify {unknown}
 r - a scroll of immolation
 t - a scroll of enchant weapon {unknown}
Potions
 b - a potion of lignification
 j - 2 potions of brilliance {unknown}
 m - 2 potions of curing {unknown}
 n - a potion of berserk rage {unknown}


   Skills:
 * Level 1.3 Fighting
 + Level 1.7 Armour
 + Level 2.1 Dodging
 + Level 0.1 Stealth
 + Level 3.3 Unarmed Combat
 * Level 3.1 Shapeshifting


You had 3 spell levels left.
You didn't know any spells.
Your spell library contained the following spells:

 Spells                   Type           Power      Damage    Failure   Level
 Wereblood                Tmut           0%         N/A       83%         2
 Ozocubu's Armour         Ice            0%         N/A       97%         3
 Irradiate                Conj/Tmut      0%         3d11      100%        5
 Metabolic Englaciation   Hex/Ice        0%         N/A       100%        5
 Simulacrum               Ice/Necr       0%         N/A       100%        6


Dungeon Overview and Level Annotations

Branches:
Dungeon (3/15)


Innate Abilities, Weirdness & Mutations

You are a hulking beast.
Your limbs bulge with bestial killing power. (Slay +1)
You have an increased reservoir of magic. (+10% MP)
You shall have no god before yourself.
Your divine heritage dramatically boosts your attributes as you level up.


Message History

You kill the hobgoblin!
You have reached level 4!
t - a scroll labelled HOANLA HE HOJ You see here a hobgoblin corpse.
An endoplasm comes into view.
The endoplasm quivers.
An endoplasm is nearby!
The endoplasm hits you.
You hit the endoplasm.
The endoplasm is moderately wounded.
The endoplasm freezes you.
You are frozen.
You hit the endoplasm.
You kill the endoplasm!
No target in view!
k - 4 scrolls labelled ECSEQA XO RUARAI (gained 1)
r - 2 scrolls labelled YHEEMARIFF (gained 1)
A ball python and a worm come into view.
The ball python hisses angrily.
As you read the scroll labelled ECSEQA XO RUARAI, it crumbles to dust.
You feel strangely unstable.
It was a scroll of teleportation.
As you read the scroll labelled YHEEMARIFF, it crumbles to dust.
The creatures around you are filled with an inner flame!
It was a scroll of immolation.
Blink to where?
Press: ? - help, Dir - move target Blink to where?
Press: ? - help, Dir - move target, f - you
Okay, then.
As you read the scroll labelled EPEFOVA KISASUD, it crumbles to dust.
It was a scroll of blinking.
The ball python bites you but does no damage.
The ball python grabs you. The ball python constricts you.
You punch the ball python!
The ball python explodes!
The fiery explosion engulfs you!!
Ouch! That really hurt!
* * * LOW HITPOINT WARNING * * *
You are engulfed in blazing flames.
You die...

####### #######.....#
##.....#.....#
#......#.....#
#......#.†...#
#..§h§.#.....#
#..§.§.......#
#...§.##.....#
#...w.##.....##
................####
######.#####.......####
... +........)). ####
#.......#### #.......#


You could see a worm (inner flame).

Vanquished Creatures
  Ijyb (D:3)
  2 worms
  A dart slug (D:2)
  An orc (D:3)
  6 ball pythons
  5 endoplasms
  4 giant cockroaches (D:1)
  5 goblins
  4 hobgoblins
  3 bats
  4 frilled lizards
  7 kobolds
  4 rats
47 creatures vanquished.

Notes
Turn   | Place    | Note
-------+----------+-------------------------------------------
     0 | D:1      | Kuronicle the Demigod Shapeshifter began the quest for the
                  | Orb.
     0 | D:1      | Reached XP level 1. HP: 15/15 MP: 3/3
   350 | D:1      | Reached XP level 2. HP: 20/22 MP: 4/4
   589 | D:1      | Reached skill level 1 in Fighting
  1607 | D:2      | Reached skill level 1 in Armour
  1623 | D:2      | Reached XP level 3. HP: 28/28 MP: 5/5
  2050 | D:3      | Noticed Ijyb
  2076 | D:3      | Killed Ijyb
  2115 | D:3      | Reached XP level 4. HP: 35/35 MP: 6/6
  2157 | D:3      | Engulfed by a cloud of flame

Illustrated notes

Levels and vault maps discovered:
D:1:      saegor_arrival_miasma, layout_basic, nrook_uturn,
          hangedman_decor_growths
D:2:      layout_basic
D:3:      layout_basic, shapermc_ecumenical_altar_totnotflames, uniq_ijyb

Skill      XL: |  1  2 |
---------------+-------+-----
Dodging        | 2 |  2.1
Unarmed Combat | 3 |  3.3
Fighting       | 1 |  1.3
Shapeshifting  | 3 |  3.1
Armour         | 1 |  1.7
Stealth        | |  0.1

Action                     |  1- 3 |  4- 6 || total
---------------------------+-------+-------++-------
  Melee: Unarmed           |   139 |     3 ||   142
         Punch             |     4 |       ||     4
    Use: Scroll            |       |     3 ||     3
   Stab: Sleeping          |     1 |       ||     1
 Armour: Animal skin       |     5 |       ||     5
         Leather armour    |    20 |       ||    20
         Scale mail        |    40 |     4 ||    44
  Dodge: Dodged            |    64 |       ||    64

Table legend: (Time is in decaauts)
 A = Elapsed time spent in this place.
 B = Non-inter-level travel time spent in this place.
 C = Inter-level travel time spent in this place.
 D = Time resting spent in this place.
 E = Time spent auto-exploring this place.
 F = Levels seen in this place.
 G = Mean time per level.
                   A        B        C        D        E       F      G
               +--------+--------+--------+--------+--------+-----+--------+
         Total |   2148 |   1946 |    202 |     71 |   1508 |   3 |  716.0 |
       Dungeon |   2148 |   1946 |    202 |     71 |   1508 |   3 |  716.0 |
               +--------+--------+--------+--------+--------+-----+--------+

Top non-repeatable levels by time:
     D:1: 1223 daAuts
     D:2: 663 daAuts
     D:3: 261 daAuts
